Cogmind - Beta 15 @@@ ROGUE MODE // 2025.07.20 @ 13:22:02 Player: shapeshifter Result: Destroyed by Y-45 Defender with Heavy Assault Rifle Performance ------------- Evolutions (2) 1000 Regions Visited (7) 1400 Robots Destroyed (52) 260 Value Destroyed (1431) 1431 Prototype IDs (3) 60 Alien Tech Used (0) 0 Bonus (364) 364 TOTAL SCORE: 4515 Bonus ------- Follower Combat Kills 164 Entered Garrisons 200 Cogmind --------- Core Integrity 0/550 Matter 2/300 Energy 153/160 System Corruption 8% Temperature Cool (0) Movement Core (250) Ox4 Location -8/Materials Parts ------- > --- POWER (1) -------- Light Nuclear Core > --- PROPULSION (4) --- (None) > --- UTILITY (4) ------ Improved Heat Sink Advanced Visual Processing Unit Advanced Targeting Computer Improved Utility Shielding > --- WEAPON (2) ------- Shock Rifle Minigun > --- INVENTORY (5) ---- Recoil Stabilizer Improved Propulsion Shielding Hardened Light Armor Plating Peak State ------------ > --- POWER ------------ Light Nuclear Core > --- PROPULSION ------- Light Treads Armored Treads Aluminum Leg Carbon-fiber Leg > --- UTILITY ---------- Improved Heat Sink Advanced Visual Processing Unit Advanced Targeting Computer Improved Utility Shielding > --- WEAPON ----------- Improved Medium Laser Missile Launcher > --- INVENTORY -------- Recoil Stabilizer Hardened Light Armor Plating Shock Rifle Field Laser Minigun [Rating: 30] Favorites ----------- Power Light Nuclear Core Engine Light Ion Engine Power Core Light Nuclear Core Propulsion Aluminum Leg Treads Light Treads Leg Aluminum Leg Utility Small Storage Unit Device Seismic Detector Storage Small Storage Unit Processor Advanced Targeting Computer Hackware System Shield Protection Improved Utility Shielding Weapon Assault Rifle Energy Gun Improved Medium Laser Ballistic Gun Assault Rifle Ballistic Cannon Flak Cannon Launcher Missile Launcher Build | -11 -10 -10 -10 -9 -8 -8 -8 ------- Run | Yrd Mat Min Exi Min Mat Gar Mat Slots Evolved 4 | . . . . . 4 . . Power . | . . . . . . . . Propulsion 2 | . . . . . 2 . . Utility 2 | . . . . . 2 . . Weapon . | . . . . . . . . Parts Attached 37 | 7 . . . 5 6 4 15 Power 4 | 1 . . . 1 . 1 1 Engine 1 | 1 . . . . . . . Core 3 | . . . . 1 . 1 1 Reactor . | . . . . . . . . Propulsion 12 | 2 . . . 2 2 2 4 Treads 5 | 2 . . . . . 1 2 Leg 7 | . . . . 2 2 1 2 Wheel . | . . . . . . . . Hover . | . . . . . . . . Flight . | . . . . . . . . Utility 9 | 2 . . . 1 2 . 4 Device 4 | 1 . . . 1 1 . 1 Storage 1 | 1 . . . . . . . Processor 2 | . . . . . . . 2 Hackware 1 | . . . . . 1 . . Protection 1 | . . . . . . . 1 Artifact . | . . . . . . . . Weapon 12 | 2 . . . 1 2 1 6 Energy Gun 6 | . . . . . 1 1 4 Energy Cannon . | . . . . . . . . Ballistic Gun 4 | 2 . . . 1 . . 1 Ballistic Cannon 1 | . . . . . 1 . . Launcher 1 | . . . . . . . 1 Special Weapon . | . . . . . . . . Impact Weapon . | . . . . . . . . Slashing Weapon . | . . . . . . . . Piercing Weapon . | . . . . . . . . Special Melee Weapon . | . . . . . . . . Unidentified Prototypes 1 | . . . . . . . 1 Corrupted Parts 1 | . . . . . . . 1 System Corruption 2 | . . . . . . . 2 Parts Lost 20 | . . . . 1 . 12 7 Power 2 | . . . . . . 2 . Propulsion 10 | . . . . . . 5 5 Utility 3 | . . . . 1 . 1 1 Weapon 5 | . . . . . . 4 1 Highest Loss Streak 5 | . . . . 1 . 5 5 To Critical Strikes 1 | . . . . . . 1 . Average Backups 6 | 3 5 7 7 7 6 6 4 Power 1 | . 1 2 2 2 2 1 . Propulsion 1 | 1 2 2 2 2 2 . . Utility 1 | . . 1 1 1 1 3 2 Weapon 1 | . 1 2 2 1 1 . 2 Tool/Special . | . . . . . . . . Unused Backups 10 | . . . . 4 2 . 4 Power 1 | . . . . 1 . . . Propulsion 1 | . . . . 1 . . . Utility 5 | . . . . 2 . . 3 Weapon 2 | . . . . . 2 . . Tool/Special 1 | . . . . . . . 1 Average Slot Usage (%) 88 | . 100 100 100 95 89 68 74 Engine 5 | . 14 14 14 6 . . . Core 5 | . . . . 7 9 7 8 Treads 11 | . 28 28 28 3 . 4 7 Leg 14 | . . . . 24 35 17 9 Device 11 | . 14 14 14 9 16 9 7 Storage 10 | . 14 14 14 14 9 9 2 Processor 2 | . . . . . . . 14 Hackware 1 | . . . . . 1 6 . Protection 1 | . . . . . . . 6 Energy Gun 3 | . . . . . 3 4 12 Ballistic Gun 17 | . 28 28 28 28 9 7 . Ballistic Cannon 1 | . . . . . 6 2 . Peak Build Rating 30 | 7 7 7 7 10 25 25 30 Average Rating 13 | 4 7 7 7 8 22 20 24 On Entrance 9 | . 7 7 7 7 10 25 14 Naked Turns . | . . . . . . . . Heaviest Build 24 | 13 13 13 13 14 24 23 20 Greatest Support 40 | 40 40 40 40 40 40 40 40 Greatest Overweight (x) 6 | . . . . . . 5 6 Average Overweight (x) . | . . . . . . . . Largest Inventory Capacity 8 | 8 8 8 8 8 8 8 8 Average Capacity 7 | 6 8 8 8 8 8 8 5 Most Carried 8 | 5 7 7 7 8 8 8 8 Average Carried 6 | 3 5 7 7 7 7 6 4 Final Capacity 8 | 8 8 8 8 8 8 8 5 Final Carried 8 | 4 7 7 7 8 8 8 3 Class Distribution -------------------- 75% | Mutant 24% | Scavenger-Mutant Dominant Class ---------------- Mutant | -10/Materials Mutant | -10/Mines Mutant | -10/Exiles Mutant | -9/Mines Scavenger-Mutant | -8/Materials Mutant | -8/Garrison Mutant | -8/Materials Resources | -11 -10 -10 -10 -9 -8 -8 -8 ----------- Run | Yrd Mat Min Exi Min Mat Gar Mat Matter Collected 1176 | 296 279 . . 117 222 132 130 Remotely . | . . . . . . . . Salvage Created 1534 | 119 505 . . 87 260 234 329 Parts 89 | 7 25 . . 6 17 17 17 Haulers Intercepted 1 | . . . . . . . 1 Recyclers Shooed 6 | . 4 . . . 1 . 1 Parts Field Recycled . | . . . . . . . . Retrieved Matter . | . . . . . . . . Parts Self-Destructed . | . . . . . . . . Prevented . | . . . . . . . . Kills | -11 -10 -10 -10 -9 -8 -8 -8 ------- Run | Yrd Mat Min Exi Min Mat Gar Mat Combat Hostiles Destroyed 37 | . 9 . . 2 8 8 10 Guns 22 | . 9 . . 2 3 7 1 Cannons 6 | . . . . . 5 1 . AOE 9 | . . . . . . . 9 Classes Destroyed 16 | 2 4 . . . 1 4 5 Worker 1 | . 1 . . . . . . Builder 1 | . . . . . . . 1 Tunneler 3 | 3 . . . . . . . Hauler 1 | . . . . . . . 1 Recycler 4 | 1 3 . . . . . . Mechanic 1 | . . . . . . . 1 Operator 1 | . . . . . . . 1 Watcher 3 | . 2 . . . 1 . . Swarmer 12 | . 5 . . . 3 2 2 Grunt 16 | . 4 . . 2 3 2 5 Brawler 1 | . . . . . . . 1 Protector 1 | . . . . . . 1 . Sentry 4 | . . . . . 2 . 2 Demolisher 1 | . . . . . . 1 . Hunter 1 | . . . . . . 1 . Programmer 1 | . . . . . . 1 . Best Kill Streak 6 | 2 4 . . 1 4 3 6 Combat Bots Only 4 | . 3 . . 1 4 3 4 Max Kills in Single Turn 2 | 1 1 . . 1 1 1 2 Gunslinging . | . . . . . . . . Exploded 1 | . . . . . . . 1 Melee . | . . . . . . . . Uniques/NPCs Destroyed . | . . . . . . . . Combat | -11 -10 -10 -10 -9 -8 -8 -8 -------- Run | Yrd Mat Min Exi Min Mat Gar Mat Hostile Shots Fired 346 | . 44 . . 21 52 105 124 Missed 101 | . 19 . . 5 19 21 37 Hits 245 | . 25 . . 16 33 84 87 Projectile 245 | . 25 . . 16 33 84 87 AOE 10 | . . . . . . 10 . Critical Strikes 12 | . . . . 1 2 4 5 Part Disruptions 1 | . . . . . . 1 . Damage Taken 3635 | . 257 . . 234 432 1385 1327 Core 616 | . 35 . . 28 88 215 250 Absorbed by Shields . | . . . . . . . . Redirected to Shielding 19 | . . . . . . . 19 Regen/Repaired (Parts) 50 | . . . . . 40 10 . Core Remaining (%) 87 | 100 . . . 74 . . . Volleys Fired 161 | 7 45 . . 12 25 42 30 Largest 2 | 2 2 . . 2 2 2 2 Hottest 115 | 40 40 . . 40 93 93 115 Shots Fired 310 | 14 90 . . 24 50 74 58 Gun 257 | 14 90 . . 24 25 68 36 Cannon 31 | . . . . . 25 6 . Launcher 22 | . . . . . . . 22 Special . | . . . . . . . . Kinetic 228 | 14 90 . . 24 40 59 1 Thermal 54 | . . . . . 10 15 29 Explosive 22 | . . . . . . . 22 Electromagnetic 6 | . . . . . . . 6 Robot Hit Streak 11 | 4 5 . . 6 7 11 8 Robot Miss Streak 7 | 2 4 . . 7 5 5 2 Penetration Max . | . . . . . . . . Secondary Targets 2 | . 1 . . . . 1 . Max Gunslinging Chain 1 | . 1 . . . . 1 . Shots Hit Robots 187 | 8 47 . . 13 33 51 35 Core Hits 121 | 4 20 . . 5 36 26 30 Critical Kills . | . . . . . . . . Critical Parts Destroyed 2 | . 1 . . 1 . . . Critical Strikes 3 | . 1 . . 1 1 . . Burn 1 | . . . . . 1 . . Destroy 2 | . 1 . . 1 . . . Melee Attacks . | . . . . . . . . Impact . | . . . . . . . . Slashing . | . . . . . . . . Piercing . | . . . . . . . . Sneak Attacks . | . . . . . . . . Combat Hostiles . | . . . . . . . . Follow-up Attacks . | . . . . . . . . Damage Inflicted 3467 | 102 616 . . 164 631 470 1484 Guns 1810 | 102 607 . . 164 197 393 347 Cannons 511 | . . . . . 434 77 . Explosions 1134 | . . . . . . . 1134 Melee . | . . . . . . . . Ramming 12 | . 9 . . . . . 3 Kinetic 1771 | 102 607 . . 164 559 339 . Thermal 485 | . . . . . 72 131 282 Explosive 1134 | . . . . . . . 1134 Electromagnetic 65 | . . . . . . . 65 Impact . | . . . . . . . . Slashing . | . . . . . . . . Piercing . | . . . . . . . . Highest Corruption 8 | . . . . . . 6 8 Average Corruption 6 | . . . . . . 4 7 Corruption Purged . | . . . . . . . . Corruption Blocked . | . . . . . . . . Effects 15 | . . . . . . 1 14 Message Errors 4 | . . . . . . 1 3 Matter Fused 2 | . . . . . . . 2 Heat Flow Errors 2 | . . . . . . . 2 Energy Discharges 2 | . . . . . . . 2 Parts Rejected 1 | . . . . . . . 1 Data Loss (minor) 2 | . . . . . . . 2 Data Loss (major) 1 | . . . . . . . 1 Alerts 1 | . . . . . . . 1 Overload Shots . | . . . . . . . . Overflow Damage 29 | . . . . . . . 29 Projectiles . | . . . . . . . . Explosions 29 | . . . . . . . 29 Melee . | . . . . . . . . Knockbacks 14 | . . . . . 10 4 . Impact . | . . . . . . . . Kinetic 13 | . . . . . 9 4 . Secondary 1 | . . . . . 1 . . Self-Inflicted Damage 179 | . . . . . . . 179 Shots 5 | . . . . . . . 5 Rammed 3 | . 2 . . . . . 1 Targets Rammed 3 | . 2 . . . . . 1 Kicked . | . . . . . . . . Crushed . | . . . . . . . . Highest Temperature 225 | . 2 . . 9 139 139 225 Average Temperature 48 | . 2 . . 2 52 48 56 Received Heat Transfer 960 | . 108 . . 150 162 135 405 Siege Activations . | . . . . . . . . Martial Activations . | . . . . . . . . Shielding Activations . | . . . . . . . . Robots Disrupted . | . . . . . . . . Combat Hostiles . | . . . . . . . . Robots Corrupted . | . . . . . . . . Combat Hostiles . | . . . . . . . . Parts Fried . | . . . . . . . . Impact Corruptions . | . . . . . . . . Robots Melted . | . . . . . . . . Combat Hostiles . | . . . . . . . . Parts Melted . | . . . . . . . . Heat Transferred 1213 | . . . . . 259 325 629 Parts Sabotaged . | . . . . . . . . Parts Stolen . | . . . . . . . . Parts Stripped . | . . . . . . . . Power Chain Reactions . | . . . . . . . . Alert | -11 -10 -10 -10 -9 -8 -8 -8 ------- Run | Yrd Mat Min Exi Min Mat Gar Mat Maximum Alert Level 1 | . . . . . 1 1 1 Low Security (%) 92 | 100 100 100 . 100 93 64 87 Level 1 7 | . . . . . 6 35 12 Level 2 . | . . . . . . . . Level 3 . | . . . . . . . . Level 4 . | . . . . . . . . Level 5 . | . . . . . . . . High Security . | . . . . . . . . Max Security . | . . . . . . . . Peak Influence 328 | 5 140 24 . 61 209 226 328 Initial 131 | . . 24 . . . 131 100 Average 70 | 1 61 7 . 15 86 166 112 Influence Increases 1463 | 20 284 . . 188 309 195 467 Destroy 0b10 Robot/C 840 | . 180 . . 100 220 140 200 Destroy 0b10 Robot/NC 80 | 20 30 . . . 5 5 20 Destroy Leader 168 | . 34 . . 20 52 20 42 Allied During Kill 15 | . . . . 8 7 . . Successful Hack 20 | . 10 . . . 10 . . Disable Machine 90 | . 30 . . 15 . . 45 Destroy Structure 130 | . . . . . . . 130 Lose Combat Pursuer 120 | . . . . 45 15 30 30 Influence Decreases 1172 | 20 222 62 . 188 106 192 382 Entered New Map 216 | . . 38 . . . 72 106 Time Decay 696 | 20 222 24 . 138 86 . 206 Lost Part 200 | . . . . 10 . 120 70 Lost Ally 60 | . . . . 40 20 . . Squads Dispatched 1 | . . . . . 1 . . Investigation 1 | . . . . . 1 . . Extermination . | . . . . . . . . Reinforcement . | . . . . . . . . Assault . | . . . . . . . . Garrison . | . . . . . . . . Intercept . | . . . . . . . . Searches Triggered . | . . . . . . . . Construction Impeded . | . . . . . . . . Haulers Reinforced . | . . . . . . . . Active Scanning Responses . | . . . . . . . . Cargo Convoy Interrupts . | . . . . . . . . Stealth | -11 -10 -10 -10 -9 -8 -8 -8 --------- Run | Yrd Mat Min Exi Min Mat Gar Mat Distress Signals 9 | . 2 . . . 3 . 4 Communications Jammed . | . . . . . . . . Distress Signals . | . . . . . . . . Times Spotted 72 | . 20 . . 7 12 10 23 Peak Tracking Total 9 | . 6 . . 3 6 6 9 Tactical Retreats 5 | . . . . 2 1 1 1 Traps | -11 -10 -10 -10 -9 -8 -8 -8 ------- Run | Yrd Mat Min Exi Min Mat Gar Mat Traps Triggered . | . . . . . . . . Indirectly . | . . . . . . . . Trap Hack Attempts . | . . . . . . . . Triggered . | . . . . . . . . Disarmed . | . . . . . . . . Reprogrammed . | . . . . . . . . Reused . | . . . . . . . . Traps Extracted . | . . . . . . . . Installed . | . . . . . . . . Triggered . | . . . . . . . . Machines | -11 -10 -10 -10 -9 -8 -8 -8 ---------- Run | Yrd Mat Min Exi Min Mat Gar Mat Machines Disabled 6 | . 2 . . 1 . . 3 Max in Single Turn 1 | . 1 . . 1 . . 1 Machines Repaired . | . . . . . . . . Machines Dismantled . | . . . . . . . . Machines Sabotaged . | . . . . . . . . Overloaded Fab Kills . | . . . . . . . . Hacking | -11 -10 -10 -10 -9 -8 -8 -8 --------- Run | Yrd Mat Min Exi Min Mat Gar Mat Machines Accessed 9 | . 4 . . . 3 . 2 Terminals 7 | . 3 . . . 2 . 2 Fabricators . | . . . . . . . . Repair Stations . | . . . . . . . . Recycling Units 1 | . 1 . . . . . . Scanalyzers . | . . . . . . . . Garrison Access 1 | . . . . . 1 . . Total Hacks 25 | . 11 . . . 9 . 5 Successful 11 | . 5 . . . 2 . 4 Failed 14 | . 6 . . . 7 . 1 Catastrophic 3 | . 2 . . . 1 . . Database Lockouts . | . . . . . . . . Manual . | . . . . . . . . Terminals 20 | . 9 . . . 6 . 5 Fabricators . | . . . . . . . . Repair Stations . | . . . . . . . . Recycling Units 2 | . 2 . . . . . . Scanalyzers . | . . . . . . . . Garrison Access 3 | . . . . . 3 . . Terminal Hacks 9 | . 4 . . . 1 . 4 Robot Analysis 3 | . 2 . . . 1 . . Prototype ID Bank 1 | . 1 . . . . . . Branch Access Points 1 | . . . . . . . 1 Emergency Access Points 1 | . . . . . . . 1 Terminal Index 2 | . 1 . . . . . 1 Alert Level 1 | . . . . . . . 1 Fabricator Hacks . | . . . . . . . . Repair Station Hacks . | . . . . . . . . Recycling Unit Hacks 1 | . 1 . . . . . . Retrieve Components 1 | . 1 . . . . . . Scanalyzer . | . . . . . . . . Garrison Access Hacks 1 | . . . . . 1 . . Unlock Access 1 | . . . . . 1 . . Unauthorized Hacks . | . . . . . . . . Terminals . | . . . . . . . . Fabricators . | . . . . . . . . Repair Stations . | . . . . . . . . Recycling Units . | . . . . . . . . Scanalyzers . | . . . . . . . . Garrison Access . | . . . . . . . . Data Cores Recovered 1 | . . . . . . . 1 Used . | . . . . . . . . Hacking Detections 7 | . 3 . . . 3 . 1 Full Trace Events 3 | . 2 . . . 1 . . Feedback Events . | . . . . . . . . Feedback Blocked . | . . . . . . . . Robot Schematics Acquired . | . . . . . . . . Robots Built . | . . . . . . . . Authchips . | . . . . . . . . Time . | . . . . . . . . Total Robot Build Rating . | . . . . . . . . Part Schematics Acquired . | . . . . . . . . Parts Built . | . . . . . . . . Authchips . | . . . . . . . . Time . | . . . . . . . . Total Part Build Rating . | . . . . . . . . Parts Repaired . | . . . . . . . . Time . | . . . . . . . . Parts Recycled . | . . . . . . . . Recycled Matter . | . . . . . . . . Retrieved Matter . | . . . . . . . . Retrieved Components 10 | . 10 . . . . . . Parts Scanalyzed . | . . . . . . . . Part Schematics Acquired . | . . . . . . . . Parts Damaged . | . . . . . . . . Bothacking | -11 -10 -10 -10 -9 -8 -8 -8 ------------ Run | Yrd Mat Min Exi Min Mat Gar Mat Used RIF Installer . | . . . . . . . . Robots Hacked . | . . . . . . . . Non-combat . | . . . . . . . . Combat . | . . . . . . . . Robot Hacks Applied . | . . . . . . . . Relay Couplers Released 3 | . . . . . . 3 . Programmers 3 | . . . . . . 3 . Fabnet Peak Effective % . | . . . . . . . . Robots Rewired . | . . . . . . . . Allies Hacked . | . . . . . . . . Hacks Repelled . | . . . . . . . . Allies | -11 -10 -10 -10 -9 -8 -8 -8 -------- Run | Yrd Mat Min Exi Min Mat Gar Mat Total Allies 3 | . . . . 3 . . . Largest Group 3 | . . . . 3 1 . . Highest-Rated Group 40 | . . . . 40 16 . . Highest-Rated Ally 16 | . . . . 16 16 . . Total Orders . | . . . . . . . . Ally Attacks 27 | . . . . 14 13 . . Total Damage 307 | . . . . 153 154 . . Kills 6 | . . . . 3 3 . . Allies Corrupted . | . . . . . . . . Allies Melted . | . . . . . . . . Intel | -11 -10 -10 -10 -9 -8 -8 -8 ------- Run | Yrd Mat Min Exi Min Mat Gar Mat Active Infowar (turns) 1572 | 25 572 109 50 349 245 . 222 Optics 222 | . . . . . . . 222 Seismic 1350 | 25 572 109 50 349 245 . . Robot Analysis Total 3 | . 2 . . . 1 . . Derelict Logs Recovered 3 | . . 2 . 1 . . . Drone Launches . | . . . . . . . . Drone Recoveries . | . . . . . . . . Exploration | -11 -10 -10 -10 -9 -8 -8 -8 ------------- Run | Yrd Mat Min Exi Min Mat Gar Mat Turns Passed 2485 | 195 572 109 50 507 293 326 433 Spaces Moved 1352 | 113 270 69 32 377 169 144 178 Core 39 | 21 . . . . . 2 16 Treads 608 | 92 270 69 32 7 . 54 84 Legs 705 | . . . . 370 169 88 78 Wheels . | . . . . . . . . Hover . | . . . . . . . . Flight . | . . . . . . . . Fastest Speed 50 | 50 160 160 160 120 120 120 120 Average Speed 142 | 139 160 160 160 120 120 145 172 Slowest Speed 350 | 160 160 160 160 160 120 300 350 Overloaded Moves . | . . . . . . . . Propulsion Burnouts . | . . . . . . . . Robots Hopped . | . . . . . . . . Potential Cave-ins . | . . . . . . . . Cave-ins Triggered . | . . . . . . . . Exploration Rate (%) 30 | 6 53 21 8 77 17 27 31 Regions Visited 7 Branch Regions 3 Pre-discovered Areas 1 | . . 1 . . . . . Known Exits Taken 1 | . . . . . 1 . . Unknown Exits Taken 5 | 1 1 1 1 1 . . . Scrap Searched 1 | . . . . 1 . . . Spaces Dug 26 | . . . . . . . 26 Terrain Destroyed 138 | . . . . . . . 138 Melee . | . . . . . . . . Projectile . | . . . . . . . . AOE 138 | . . . . . . . 138 Terrain Rammed . | . . . . . . . . Walls Destroyed . | . . . . . . . . Machines Disabled . | . . . . . . . . Actions | -11 -10 -10 -10 -9 -8 -8 -8 --------- Run | Yrd Mat Min Exi Min Mat Gar Mat Total 1611 | 136 319 68 31 409 210 198 240 Wait . | . . . . . . . . Move 1346 | 112 269 68 31 376 169 143 178 Hop . | . . . . . . . . Pick Up 43 | 10 3 . . 8 7 6 9 Fast Attach 4 | 1 . . . . . . 3 Attach 26 | 6 . . . 2 4 5 9 Detach . | . . . . . . . . Swap 10 | . . . . 3 2 1 4 Drop 18 | . . . . 8 3 1 6 Fire 161 | 7 45 . . 12 25 42 30 Melee . | . . . . . . . . Ram . | . . . . . . . . Kick . | . . . . . . . . Crush 3 | . 2 . . . . . 1 Escape Stasis . | . . . . . . . . Rewire . | . . . . . . . . Trap . | . . . . . . . . Miscellaneous . | . . . . . . . . Route ------- -11/Scrapyard -10/Materials -10/Mines (discovered 2 exits: [*Mat] / [*Exi]) -10/Exiles -9/Mines -8/Materials (discovered 3 exits: Fac / *Sto / Gar) -8/Garrison -8/Materials (discovered 1 exit: *Sto) History --------- Turn | Location | Event 9 | -11/Scrapyard | Discovered new exit (range 14) 196 | -11/Scrapyard | Entered Materials 311 | -10/Materials | Build established: Mutant 744 | -10/Materials | Discovered new exit (range 16) 768 | -10/Materials | Entered Mines 791 | -10/Mines | Learned location of 1 exit from Materials 805 | -10/Mines | Discovered new exit (range 14) 807 | -10/Mines | Learned location of Recycling (-8) 852 | -10/Mines | Deemed a non-threat by the Exiles lab entrance 852 | -10/Mines | Discovered new exit (range 5) 877 | -10/Mines | Entered Exiles 905 | -10/Exiles | Discovered new exit (range 15) 927 | -10/Exiles | Entered Mines 1039 | -9/Mines | Met a Derelict bent on vengeance 1070 | -9/Mines | Assisted by bots powering up and referring to "LRC-V3" 1378 | -9/Mines | Learned Materials emergency access door positions 1411 | -9/Mines | Found a Scrap Suit stashed away for nefarious purposes 1414 | -9/Mines | Found Scrap Suit 1424 | -9/Mines | Discovered new exit (range 11) 1434 | -9/Mines | Entered Materials 1434 | -8/Materials | Accompanied by 1 ally 1434 | -8/Materials | Evolved 4 slots: Propulsion x2, Utility x2 1435 | -8/Materials | Identified exit to Factory 1677 | -8/Materials | Discovered new exit (range 13) 1700 | -8/Materials | Build established: Scavenger-Mutant 1727 | -8/Materials | Identified exit to Garrison 1727 | -8/Materials | Entered Garrison 1791 | -8/Garrison | Triggered checkpoint 1848 | -8/Garrison | Lost 3 parts (2n1w) 1933 | -8/Garrison | Lost 4 parts (1p2n1w) 1974 | -8/Garrison | Core integrity fell below 50% 1988 | -8/Garrison | Discovered new exit (range 10) 2032 | -8/Garrison | Lost 5 parts (1p1n1u2w) 2053 | -8/Garrison | Entered Materials 2169 | -8/Materials | Build established: Mutant 2233 | -8/Materials | Identified exit to Storage 2456 | -8/Materials | Core integrity fell below 20% 2486 | -8/Materials | Destroyed by Y-45 Defender with Heavy Assault Rifle Last Messages --------------- 02475_ Critical hit (Burn: +37). 02475_ W-25 Informer sends out distress signal. 02476_ U-05 Engineer lays Concrete. 02476_ U-05 Engineer builds a Door. 02476_ Aluminum Leg destroyed. 02477_ K-01 Serf collects debris. 02477_ Acquired 4 matter. 02477_ U-05 Engineer lays Concrete. 02480_ The unstable cave ceiling collapses. 02480_ U-05 Engineer lays Concrete. 02480_ K-01 Serf collects debris. 02481_ U-05 Engineer lays Concrete. 02481_ Arm. Treads destroyed. 02481_ U-05 Engineer lays Concrete. 02483_ System corrupted: Field Laser rejected. 02483_ U-05 Engineer lays Concrete. 02483_ U-05 Engineer builds a Wall. 02483_ U-05 Engineer lays Concrete. 02485_ K-01 Serf collects debris. 02485_ U-05 Engineer lays Concrete. Map ----- +----------------------------------------------------+ | # # #+#######?????????????????????????????????? | | # #?????????????????????????????????? | | # #?????????????????????????????????? | | + % #?????????????????????????????????? | | # # #?????????????????????????????????? | | # # #?????????????????????????????????? | | # # ! #?????????????????????????????????? | | # # #????? ???????????????????????????? | | !# !# #????? ???????????????????????????? | | ## %# #########????? ???????????????????????????? | | # [# #????????????? ??????????????????????????? | | # # ##????????????? ??????????????????????????? | | # % # #????????????? ??????????????????????????? | | ## ########????????? ??????????????????????????? | | # ### ############k###########??????????????? | | #??????????????? | | #??????????????? | | % +???????????? | | # ### #############g########+###?????????????? | | ### # #?????# #?????????????????????? | | ??### ??### %""#?????????????????????? | | ????# ### l""#?????????????????????? | | ????# " " # ""#?????????????????????? | | ????### """ # # "#?????????????????????? | | ??????# # w #?????????????????????? | | ??????# "" # u @"#?????????????????????? | | ??????# "Y # %#?????????????????????? | | ??????# "" # u s #?????????????????????? | | ??????# # uu Y #?????????????????????? | | ??????####+######/# #?????????????????????? | | ???????? ???? u ] #?????????????????????? | | ?????? ????? [= > #?????????????????????? | | ?????? ???? [ [ #?????????????????????? | | ??????????##### [=Y ! #?????????????????????? | | ??????????????## # [ k #?????????????????????? | | ?????????????? ###?????????????????????? | | ?????????????# !!! # #???????????????????????? | | ?????????????; aa!! + #???????????????????????? | | ????????????## !! # #???????????????????????? | | ?????????????#! # #???????????????????????? | | ?????????????? # #???????????????????????? | | ???????????????? # ????????????????????????? | | ?????????????????????# ????????????????????????? | | ?????????????????????# ????????????????????????? | | ??????????????????????? ????????????????????????? | | ?????????????????????????????????????????????????? | | ?????????????????????????????????????????????????? | | ?????????????????????????????????????????????????? | | ?????????????????????????????????????????????????? | | ?????????????????????????????????????????????????? | +----------------------------------------------------+ Best States ------------- Heat Dissipation 45 Energy Generation 14 Energy Capacity 160 Matter Stores 300 Matter Capacity 300 Sight Range 20 Terrain Scan Density 10 Utility Shielding 66 Evasion (%) 55 Targeting Accuracy 8 Recoil Reduction 2 Defensive Hacking 10 Item Schematics ----------------- None Robot Schematics ------------------ None Fabricated ------------ Nothing Repaired ---------- Nothing Alien Tech Used ----------------- None Achievements -------------- None Challenges ------------ None Game ------ Seed SuperquantumControlShredder Manual? 0 Play Time 00:22:09 Cumulative 20.5 hours Start 2025.07.20 @ 13:01:39 End 2025.07.20 @ 13:22:02 Sessions 1 Manual Loads 0 Difficulty Rogue Special Mode None Game No. 60 Rogue 60 Adventurer 0 Explorer 0 Win Type - Total 0 Types 0/0/0/0/0/0/0/0/0/0 Lore% 19 Gallery% 22 Achievement% 18 Wizard Run 0 Options --------- Layout 1 ASCII 0 Keyboard 0 Movement Mouse Keybinds 0 Fullscreen 1 Font 32/SmallcapsGlow Map View 50x35 Zoom Use 0% Tactical HUD 1 Map Filters NONE Filters NONE Steam 1 RUN: 63dcd26b-6cc7-46b8-bde8-0b3134627bab